 Dungeon Crawl Stone Soup version 0.28-a0-1348-g050f3537b9 (webtiles) character file.

Game seed: 13480741751241795605

42 Deminshera the Chucker (level 3, 0/37 HPs)
             Began as an Ogre Hunter on Dec 30, 2021.
             Slain by a frilled lizard (3 damage)
             ... on level 3 of the Dungeon.
             The game lasted 00:02:04 (2380 turns).

Deminshera the Chucker (Ogre Hunter)                Turns: 2380, Time: 00:02:06

Health: 0/37       AC:  3    Str: 18    XL:     3   Next: 54%
Magic:  3/3        EV:  9    Int: 12    God:
Gold:   70         SH:  0    Dex:  9    Spells: 2/2 levels left

rFire   . . .      SeeInvis .   g - +0 flail
rCold   . . .      Faith    .   (no shield)
rNeg    . . .      Spirit   .   b - +0 robe
rPois   .          Reflect  .   (helmet restricted)
rElec   .          Harm     .   (no cloak)
rCorr   .          Rampage  .   (gloves unavailable)
Will    .....                   (boots unavailable)
Stlth   +.........              (no amulet)
HPRegen 0.12/turn               (no ring)
MPRegen 0.08/turn               (no ring)

@: lethally poisoned (0 -> -4)
A: large, unfitting armour, tough skin 1
a: no special abilities


You were on level 3 of the Dungeon.
You visited 1 branch of the dungeon, and saw 3 of its levels.

You collected 70 gold pieces.

Inventory:

Hand Weapons
 g - a +0 flail (weapon)
Missiles
 c - 5 large rocks (quivered)
 d - 2 throwing nets
 h - 22 stones
Armour
 b - a +0 robe (worn)
Scrolls
 a - a scroll of amnesia {unknown}
 f - 3 scrolls of immolation {unknown}
 k - a scroll of teleportation {unknown}
 l - 2 scrolls of enchant armour {unknown}
Potions
 e - a potion of mutation {unknown}
 i - a potion of curing {unknown}
 j - a potion of lignification {unknown}


   Skills:
 + Level 3.4 Fighting
 * Level 1.6 Maces & Flails
 + Level 4.4 Throwing
 - Level 1.7 Dodging
 - Level 0.6 Stealth


You had 2 spell levels left.
You didn't know any spells.
Your spell library contained the following spells:

 Spells                   Type           Power      Damage    Failure   Level
 Animate Skeleton         Necr           0%         N/A       32%         1
 Apportation              Tloc           0%         N/A       32%         1
 Summon Small Mammal      Summ           0%         N/A       32%         1
 Ensorcelled Hibernation  Hex/Ice        0%         N/A       45%         2
 Tukima's Dance           Hex            0%         N/A       69%         3
 Enfeeble                 Hex            0%         N/A       100%        7


Dungeon Overview and Level Annotations

Branches:
Dungeon (3/15)

Altars:


Innate Abilities, Weirdness & Mutations

You are too large for most types of armour.
You have tough skin. (AC +1)


Message History

You closely miss the adder.
The adder is almost dead.
You feel sick. The adder bites you.
The frilled lizard bites you but does no damage.
You barely miss the adder.
The adder is almost dead.
You feel sick. The adder closely misses you.
The frilled lizard closely misses you. The adder bites you.
The frilled lizard bites you but does no damage.
You miss the adder.
The adder is almost dead.
You feel sick.
You are no longer poisoned.
The adder bites you. The frilled lizard bites you. The adder barely misses you.
You are too injured to fight recklessly!
You are too injured to fight recklessly!
You are too injured to fight recklessly!
You are too injured to fight recklessly!
You barely miss the adder.
The adder is almost dead.
The adder completely misses you.
The frilled lizard bites you but does no damage.
The adder closely misses you.
You closely miss the adder.
The adder is almost dead.
The frilled lizard bites you. The adder bites you.
* * * LOW HITPOINT WARNING * * *
The frilled lizard bites you.
* * * LOW HITPOINT WARNING * * *
You barely miss the adder.
The adder is almost dead.
The adder bites you but does no damage. x2; The frilled lizard bites you.
* * * LOW HITPOINT WARNING * * *
You closely miss the adder.
The adder is almost dead.
The adder bites you.
* * * LOW HITPOINT WARNING * * *
You are lethally poisoned!
The adder poisons you! The frilled lizard bites you.
You die...

# ##############
##.##.
............##......
#.....>.....l.(#
###...### ##.@...#
#.......###...S..#
#...........>....#
#.......####.#.<.#
##.....## ##.#.....
#.....# .....#..##
#.###.###.....##.# #
#.##......# ..
#.##......#


You could see an adder and a frilled lizard.

Vanquished Creatures
  A worm (D:2)
  2 dart slugs (D:1)
  3 bats
  4 endoplasms
  4 hobgoblins
  4 jackals (D:1)
  4 kobolds (D:1)
  A quokka (D:1)
  2 ball pythons
  2 frilled lizards (D:1)
  2 goblins
  2 rats
31 creatures vanquished.

Notes
Turn   | Place    | Note
-------+----------+-------------------------------------------
     0 | D:1      | Deminshera the Ogre Hunter began the quest for the Orb.
     0 | D:1      | Reached XP level 1. HP: 22/22 MP: 1/1
   386 | D:1      | Reached XP level 2. HP: 8/31 MP: 2/2
  1166 | D:1      | Reached skill level 1 in Maces & Flails
  1630 | D:1      | Reached XP level 3. HP: 35/37 MP: 3/3
  2002 | D:2      | Found a faded altar of an unknown god.
  2284 | D:2      | You fall into a shaft and drop 1 floor!
  2380 | D:3      | Slain by a frilled lizard

Illustrated notes

Levels and vault maps discovered:
D:1:      arrival_zaba_pyramid, layout_basic, bh_walls_and_bars
D:2:      layout_basic, serial_shops, nicolae_shop_crystal,
          chequers_ecumenical_altar_simple, uniq_terence
D:3:      layout_loops_ring, hellmonk_ghost_happy_afterlife,
          minmay_gold_behind_fungi, minmay_misc_feat_hallway,
          hangedman_feature_mirror, minmay_misc_feat_rows

Skill      XL: |  1  2 |
---------------+-------+-----
Fighting       | 3 |  3.4
Maces & Flails | 1 |  1.6
Throwing       | |  4.4
Dodging        | |  1.7
Stealth        | |  0.6

Action                   || total
-------------------------++-------
Melee: Club              ||    30
       Short sword       ||    14
       Flail             ||    79
Throw: Stone             ||    12
       Large rock        ||     1
 Stab: Sleeping          ||     1
Armor: Robe              ||    63
Dodge: Dodged            ||    76

Table legend: (Time is in decaauts)
 A = Elapsed time spent in this place.
 B = Non-inter-level travel time spent in this place.
 C = Inter-level travel time spent in this place.
 D = Time resting spent in this place.
 E = Time spent auto-exploring this place.
 F = Levels seen in this place.
 G = Mean time per level.
                   A        B        C        D        E       F      G
               +--------+--------+--------+--------+--------+-----+--------+
         Total |   2414 |   2336 |     78 |    829 |   1217 |   3 |  804.7 |
       Dungeon |   2414 |   2336 |     78 |    829 |   1217 |   3 |  804.7 |
               +--------+--------+--------+--------+--------+-----+--------+

Top non-repeatable levels by time:
     D:1: 1992 daAuts
     D:2: 319 daAuts
     D:3: 103 daAuts
